[Event "FIDE WYCC Girls U18 2023"]
[Site "Montesilvano"]
[Date "2023.11.24"]
[Round "11.14"]
[White "Sevcikova, Lucia"]
[Black "Swara Lakshmi S Nair"]
[Result "1/2-1/2"]
[ECO "D86"]
[WhiteElo "2047"]
[BlackElo "1659"]
[Annotator "NA RC"]
[PlyCount "128"]
[EventDate "2023.11.13"]
[EventType "swiss"]
[EventCountry "ITA"]
[SourceTitle "playchess.com"]
[Source "ChessBase"]
[SourceQuality "1"]
[TimeControl "40/5400+30:1800+30"]

1. d4 Nf6 2. c4 g6 3. Nc3 d5 4. cxd5 Nxd5 5. e4 Nxc3 6. bxc3 Bg7 7. Bc4 c5 8. Ne2 Nc6 9. Be3 O-O 10. O-O Bg4 11. f3 Bd7 12. Rb1 Qc7 13. dxc5 Na5 14. Bb5 Rfd8 15. Qa4 Be6 16. Nd4 Bc8 17. Qb4 e5 18. Nb3 Nxb3 19. axb3 Bf8 20. Bc4 Bd7 21. Ra1 Rdc8 22. Bd5 Bc6 23. Rfd1 Bxd5 24. Rxd5 b6 25. Qb5 Bxc5 26. Bxc5 bxc5 27. Rd7 Rcb8 28. Rxc7 Rxb5 29. Ra3 Rab8 30. Raxa7 Rxb3 31. Rxf7 Rb1+ 32. Kf2 R8b2+ 33. Kg3 Rg1 34. Rg7+ Kf8 35. Rxh7 Rgxg2+ 36. Kh4 Rxh2+ 37. Kg5 Rxh7 38. Rxh7 Rf2 39. Rc7 Rxf3 40. Rxc5 Kf7 41. Rc7+ Ke6 42. Rc6+ Kf7 43. Rc7+ Ke6 44. Kxg6 Rg3+ 45. Kh5 Kd6 46. Rc8 Re3 47. Rc4 Rg3 48. Kh4 Rg1 49. Kh3 Rg8 50. Ra4 Rc8 51. Ra6+ Kd7 52. Kg4 Rxc3 53. Kf5 Rc5 54. Re6 Ra5 55. Kf6 Rb5 56. Re7+ Kd6 57. Re8 Kd7 58. Ra8 Kc7 59. Ke6 Rc5 60. Ra7+ Kc6 61. Rd7 Rc4 62. Rd6+ Kc7 63. Kxe5 Rxe4+ 64. Kxe4 Kxd6 1/2-1/2

[Event "FIDE WYCC Girls U18 2023"]
[Site "Montesilvano"]
[Date "2023.11.24"]
[Round "11.15"]
[White "Wisniowski, Natalie"]
[Black "Striskova, Lucia"]
[Result "1-0"]
[ECO "E71"]
[WhiteElo "1901"]
[BlackElo "2039"]
[Annotator "NA RC"]
[PlyCount "41"]
[EventDate "2023.11.13"]
[EventType "swiss"]
[EventCountry "ITA"]
[SourceTitle "playchess.com"]
[Source "ChessBase"]
[SourceQuality "1"]
[TimeControl "40/5400+30:1800+30"]

1. d4 Nf6 2. c4 g6 3. Nc3 Bg7 4. e4 d6 5. h3 O-O 6. Be3 e5 7. d5 a6 8. g4 Nbd7 9. Qd2 Nc5 10. f3 Bd7 11. Nge2 b5 12. b4 Nb7 13. Ng3 bxc4 14. Bxc4 c5 15. dxc6 Bxc6 16. h4 Kh8 17. h5 Ne8 18. hxg6 fxg6 19. Rxh7+ Kxh7 20. Qh2+ Bh6 21. Qxh6# 1-0

[Event "FIDE WYCC Girls U18 2023"]
[Site "Montesilvano"]
[Date "2023.11.24"]
[Round "11.16"]
[White "Trifoi, Mihaela-Ioana"]
[Black "Groeschel, Karoline"]
[Result "1-0"]
[ECO "B40"]
[WhiteElo "2021"]
[BlackElo "1924"]
[Annotator "NA RC"]
[PlyCount "81"]
[EventDate "2023.11.13"]
[EventType "swiss"]
[EventCountry "ITA"]
[SourceTitle "playchess.com"]
[Source "ChessBase"]
[SourceQuality "1"]
[TimeControl "40/5400+30:1800+30"]

1. e4 c5 2. Nf3 e6 3. c3 d5 4. e5 d4 5. Bd3 Bd7 6. Be4 Bc6 7. Qe2 Ne7 8. O-O Ng6 9. d3 Be7 10. a4 O-O 11. Na3 Qd7 12. Nc4 Bxa4 13. Rxa4 Qxa4 14. Bxb7 Nc6 15. Qe4 Rac8 16. Bxc8 Rxc8 17. cxd4 cxd4 18. Nxd4 Ngxe5 19. b3 Qb4 20. Ba3 Qc3 21. Nxe5 f5 22. Qe3 Bxa3 23. Nexc6 Re8 24. Nxa7 Qa5 25. Nac6 Qb6 26. Qe5 Bb2 27. b4 Bxd4 28. Nxd4 Qxb4 29. Nxf5 Qg4 30. Re1 Qg6 31. d4 Qf6 32. Qxf6 gxf6 33. g3 h5 34. d5 e5 35. Rc1 Kh7 36. Rc7+ Kg6 37. Ne7+ Kf7 38. Nc6+ Kg6 39. d6 Re6 40. d7 Rxc6 41. Rxc6 1-0

[Event "FIDE WYCC Girls U18 2023"]
[Site "Montesilvano"]
[Date "2023.11.24"]
[Round "11.17"]
[White "Dakic, Marta"]
[Black "Follana Albelda, Lucia"]
[Result "1/2-1/2"]
[ECO "B90"]
[WhiteElo "2013"]
[BlackElo "1946"]
[Annotator "NA RC"]
[PlyCount "101"]
[EventDate "2023.11.13"]
[EventType "swiss"]
[EventCountry "ITA"]
[SourceTitle "playchess.com"]
[Source "ChessBase"]
[SourceQuality "1"]
[TimeControl "40/5400+30:1800+30"]

1. e4 c5 2. Nf3 d6 3. d4 cxd4 4. Nxd4 Nf6 5. Nc3 a6 6. f3 e5 7. Nb3 Be6 8. Be3 Be7 9. Qd2 h5 10. Nd5 Nxd5 11. exd5 Bf5 12. Be2 a5 13. a4 Nd7 14. O-O O-O 15. c4 Re8 16. Rad1 b6 17. f4 exf4 18. Bxf4 Bg6 19. Rf3 Qc7 20. Nd4 Nc5 21. b3 Qd7 22. Rdf1 Bf6 23. Nb5 Be5 24. Bd1 Bxf4 25. Rxf4 Re5 26. Bc2 Rae8 27. Bxg6 fxg6 28. Rf7 R8e7 29. Rf8+ Kh7 30. Nd4 Re4 31. Nf3 Rg4 32. Ng5+ Rxg5 33. Qxg5 Ne4 34. Qf4 Nf6 35. Qf2 Qg4 36. h3 Qe4 37. Rd8 Qd3 38. Qxb6 Re2 39. Qxd6 Qe3+ 40. Kh2 Qd2 41. Qb8 Rxg2+ 42. Kh1 g5 43. Rh8+ Kg6 44. Rxf6+ gxf6 45. Qe8+ Kf5 46. Qe6+ Kf4 47. Qxf6+ Kg3 48. Qe5+ Kh4 49. Qe4+ Kg3 50. Qe5+ Kh4 51. Qe4+ 1/2-1/2

[Event "FIDE WYCC Girls U18 2023"]
[Site "Montesilvano"]
[Date "2023.11.24"]
[Round "11.18"]
[White "Matute Escobar, Roxanny"]
[Black "Bhagyashree Patil"]
[Result "0-1"]
[ECO "C50"]
[WhiteElo "1995"]
[BlackElo "1830"]
[Annotator "NA RC"]
[PlyCount "110"]
[EventDate "2023.11.13"]
[EventType "swiss"]
[EventCountry "ITA"]
[SourceTitle "playchess.com"]
[Source "ChessBase"]
[SourceQuality "1"]
[TimeControl "40/5400+30:1800+30"]

1. e4 e5 2. Nf3 Nc6 3. Bc4 Be7 4. c3 Nf6 5. d3 d6 6. Bb3 O-O 7. Nbd2 Kh8 8. Nf1 Ng8 9. h4 f5 10. Ng5 Qe8 11. exf5 Bxf5 12. g4 Bd7 13. Qe2 Nd8 14. Be3 c6 15. O-O-O d5 16. f3 Nf6 17. Ng3 b5 18. d4 e4 19. fxe4 Bxg4 20. Qd3 dxe4 21. N3xe4 Nxe4 22. Nxe4 Ne6 23. Rdf1 Qg6 24. Bc2 h5 25. d5 Rad8 26. d6 Bxd6 27. Nxd6 Qxd3 28. Rxf8+ Nxf8 29. Bxd3 Rxd6 30. Kc2 Ne6 31. Rf1 a6 32. Rf7 Kg8 33. Ra7 c5 34. Bg6 c4 35. Bc5 Rd5 36. Bf7+ Kh7 37. Bxe6 Rxc5 38. Rxa6 Re5 39. Bxg4 hxg4 40. Rd6 Rh5 41. a4 bxa4 42. Rd4 Rxh4 43. Rxc4 Rh2+ 44. Kd3 Rxb2 45. Rxg4 a3 46. Ra4 a2 47. c4 g5 48. c5 Kg6 49. Ra6+ Kf5 50. c6 Ke6 51. c7+ Kd7 52. Rc6 Kc8 53. Ra6 g4 54. Ke4 g3 55. Kd5 Kxc7 0-1

[Event "FIDE WYCC Girls U18 2023"]
[Site "Montesilvano"]
[Date "2023.11.24"]
[Round "11.19"]
[White "Skarbarchuk, Tetyana"]
[Black "Sovetbekova, Nurai"]
[Result "0-1"]
[ECO "D38"]
[WhiteElo "2010"]
[BlackElo "1801"]
[Annotator "NA RC"]
[PlyCount "98"]
[EventDate "2023.11.13"]
[EventType "swiss"]
[EventCountry "ITA"]
[SourceTitle "playchess.com"]
[Source "ChessBase"]
[SourceQuality "1"]
[TimeControl "40/5400+30:1800+30"]

1. d4 Nf6 2. c4 e6 3. Nf3 d5 4. Nc3 Bb4 5. Qa4+ Nc6 6. e3 O-O 7. Bd2 dxc4 8. Bxc4 Bd6 9. O-O e5 10. d5 e4 11. Nxe4 Nxe4 12. dxc6 Nxd2 13. Nxd2 bxc6 14. Ne4 Bd7 15. Rfd1 Qe7 16. Nxd6 cxd6 17. Qa3 c5 18. Qa6 Be6 19. Bxe6 fxe6 20. Qxd6 Qf6 21. f3 Rad8 22. Qxc5 Qxb2 23. Qc4 Qe5 24. e4 Rc8 25. Qd4 Qg5 26. Qd2 Qc5+ 27. Kh1 Qb6 28. Rac1 Rxc1 29. Qxc1 Rd8 30. Rxd8+ Qxd8 31. h3 Qd4 32. a3 h6 33. Qc8+ Kf7 34. Qb7+ Kf6 35. Qb4 Qxb4 36. axb4 Ke5 37. Kh2 Kd4 38. Kg3 Kc4 39. Kf4 Kxb4 40. Ke5 a5 41. Kxe6 a4 42. Kd7 a3 43. e5 a2 44. e6 a1=Q 45. e7 Qa4+ 46. Kd8 Qa5+ 47. Kd7 Qd5+ 48. Kc7 Qe6 49. Kd8 Qd6+ 0-1

[Event "FIDE WYCC Girls U18 2023"]
[Site "Montesilvano"]
[Date "2023.11.24"]
[Round "11.20"]
[White "Menon, Gauri"]
[Black "Sukyte, Kotryna"]
[Result "0-1"]
[ECO "D26"]
[WhiteElo "1821"]
[BlackElo "1651"]
[Annotator "NA RC"]
[PlyCount "70"]
[EventDate "2023.11.13"]
[EventType "swiss"]
[EventCountry "ITA"]
[SourceTitle "playchess.com"]
[Source "ChessBase"]
[SourceQuality "1"]
[TimeControl "40/5400+30:1800+30"]

1. d4 d5 2. c4 dxc4 3. Nf3 Nf6 4. e3 e6 5. Bxc4 a6 6. b3 c5 7. Bb2 Nc6 8. O-O b5 9. Be2 Bb7 10. a4 b4 11. Nbd2 cxd4 12. Nxd4 Nxd4 13. Bxd4 Rc8 14. Nc4 Be7 15. Bf3 Bxf3 16. Qxf3 O-O 17. Qb7 Nd5 18. Qxa6 Ra8 19. Qb5 Nc3 20. Bxc3 bxc3 21. Rfd1 Qb8 22. Qb6 Qxb6 23. Nxb6 Ra7 24. Nd7 c2 25. Rd4 Rc8 26. Rc1 Rxd7 27. Rxd7 Ba3 28. Rxc2 Rxc2 29. Rd8+ Bf8 30. h4 g6 31. b4 Rc4 32. b5 Rxa4 33. b6 Rb4 34. Rb8 Kg7 35. b7 Rb1+ 0-1

[Event "FIDE WYCC Girls U18 2023"]
[Site "Montesilvano"]
[Date "2023.11.24"]
[Round "11.21"]
[White "Hernandez Ortega, Carolina"]
[Black "Saraci, Rinesa"]
[Result "0-1"]
[ECO "C54"]
[WhiteElo "1796"]
[BlackElo "1481"]
[Annotator "NA"]
[PlyCount "104"]
[EventDate "2023.11.13"]
[EventType "swiss"]
[EventCountry "ITA"]
[SourceTitle "playchess.com"]
[Source "ChessBase"]
[SourceQuality "1"]
[TimeControl "40/5400+30:1800+30"]

1. e4 e5 2. Nf3 Nc6 3. Bc4 Bc5 4. c3 Nf6 5. d3 h6 6. Nbd2 d6 7. O-O O-O 8. Re1 a5 9. a4 Bb6 10. Nf1 Ng4 11. Ne3 Nf6 12. h3 Be6 13. Qb3 Qc8 14. Bxe6 fxe6 15. Nc4 Ba7 16. Be3 Bxe3 17. Nxe3 Kh7 18. Nc2 Qd7 19. Rad1 Rfe8 20. d4 exd4 21. Ncxd4 e5 22. Nf5 b6 23. Qc2 Qf7 24. Kh2 Ne7 25. Nxe7 Rxe7 26. Re3 Nh5 27. Nh4 Qf4+ 28. g3 Nxg3 29. Rxg3 Qxh4 30. Rg4 Qf6 31. Rdg1 Rf8 32. R1g2 g5 33. b4 Ref7 34. Kg1 Qe6 35. bxa5 bxa5 36. c4 Qd7 37. h4 gxh4 38. Rxh4 Rg7 39. Qd2 Rxg2+ 40. Kxg2 Qg7+ 41. Kf1 Qf6 42. Rg4 Qf3 43. Qe2 Qh1+ 44. Rg1 Qh3+ 45. Ke1 Qc3+ 46. Kf1 Qc1+ 47. Qe1 Qxc4+ 48. Qe2 Qxa4 49. Qg4 Qa1+ 50. Kg2 Qxg1+ 51. Kxg1 Rg8 52. Qxg8+ Kxg8 0-1

[Event "FIDE WYCC Girls U18 2023"]
[Site "Montesilvano"]
[Date "2023.11.24"]
[Round "11.22"]
[White "Keerti Shree Reddy"]
[Black "Tsapaki, Asimenia"]
[Result "1-0"]
[ECO "C01"]
[WhiteElo "1741"]
[BlackElo "1702"]
[Annotator "NA"]
[PlyCount "113"]
[EventDate "2023.11.13"]
[EventType "swiss"]
[EventCountry "ITA"]
[SourceTitle "playchess.com"]
[Source "ChessBase"]
[SourceQuality "1"]
[TimeControl "40/5400+30:1800+30"]

1. e4 e6 2. d4 d5 3. exd5 exd5 4. Nf3 Nf6 5. Bd3 c5 6. c3 Bd6 7. O-O O-O 8. dxc5 Bxc5 9. Bg5 Bg4 10. Nbd2 Nbd7 11. Qc2 Qb6 12. h3 Bh5 13. Bf5 Rfe8 14. b4 Bd6 15. Rfe1 Bg6 16. Bxg6 hxg6 17. Qd3 Ne5 18. Nxe5 Bxe5 19. Be3 Qc7 20. Bd4 Rac8 21. Nf3 Bxd4 22. cxd4 Qc4 23. Qa3 Rxe1+ 24. Rxe1 Ne4 25. Qxa7 Qxb4 26. Rf1 f6 27. a3 Qb5 28. a4 Qa6 29. Qxa6 bxa6 30. Rb1 Rc4 31. Rb8+ Kh7 32. Rd8 Nc3 33. a5 Ra4 34. g4 Rxa5 35. g5 Ra1+ 36. Kg2 a5 37. Rd7 f5 38. Rd8 Ne4 39. h4 Rc1 40. Ne5 Rc7 41. h5 gxh5 42. g6+ Kh6 43. f4 Rc2+ 44. Kh3 Ng5+ 45. fxg5+ Kxg5 46. Rxd5 a4 47. Rd7 Kh6 48. Ra7 Rc3+ 49. Kh4 Rc1 50. Rxa4 f4 51. Kh3 Rd1 52. Ra8 Kg5 53. Ra7 Kh6 54. Rd7 Re1 55. Rd6 Re3+ 56. Kh4 Rxe5 57. dxe5 1-0

[Event "FIDE WYCC Girls U18 2023"]
[Site "Montesilvano"]
[Date "2023.11.24"]
[Round "11.23"]
[White "Largo, Franchesca"]
[Black "Hyatt, Jessica"]
[Result "1-0"]
[ECO "C02"]
[WhiteElo "1658"]
[BlackElo "1818"]
[Annotator "NA COMBH RC"]
[PlyCount "65"]
[EventDate "2023.11.13"]
[EventType "swiss"]
[EventCountry "ITA"]
[SourceTitle "playchess.com"]
[Source "ChessBase"]
[SourceQuality "1"]
[TimeControl "40/5400+30:1800+30"]

1. e4 e6 2. d4 d5 3. e5 c5 4. c3 Nc6 5. Nf3 Bd7 6. Bd3 Qb6 7. O-O cxd4 8. Re1 dxc3 9. Nxc3 a6 10. Ng5 g6 11. Qf3 Nd8 12. h4 Bc6 13. h5 h6 14. hxg6 hxg5 15. Bxg5 Qc7 16. Bf6 Nxf6 17. exf6 fxg6 18. Bxg6+ Kd7 19. g3 Bb4 20. f7 Qd6 21. Qf6 Bxc3 22. bxc3 Qf8 23. Re5 Rc8 24. Rg5 Rc7 25. Bh5 Rh6 26. Qg7 Rh8 27. g4 d4 28. Qxd4+ Kc8 29. Qxh8 Qxh8 30. Rg8 Qxc3 31. Rxd8+ Kxd8 32. f8=Q+ Kd7 {[%emt 0:00:10] Check Result:#1} 33. Be8+ 1-0

[Event "FIDE WYCC Girls U18 2023"]
[Site "Montesilvano"]
[Date "2023.11.24"]
[Round "11.24"]
[White "Katter, Katharina"]
[Black "Sasvatha A"]
[Result "1-0"]
[ECO "E11"]
[WhiteElo "1887"]
[BlackElo "1568"]
[Annotator "NA RC"]
[PlyCount "163"]
[EventDate "2023.11.13"]
[EventType "swiss"]
[EventCountry "ITA"]
[SourceTitle "playchess.com"]
[Source "ChessBase"]
[SourceQuality "1"]
[TimeControl "40/5400+30:1800+30"]

1. d4 Nf6 2. Nf3 e6 3. c4 Bb4+ 4. Bd2 a5 5. g3 d5 6. Qc2 Nc6 7. Bg2 Ne4 8. Bxb4 Nxb4 9. Qb3 c5 10. a3 a4 11. Qd1 Nc6 12. cxd5 exd5 13. dxc5 Nxc5 14. Nbd2 Bf5 15. O-O O-O 16. b4 Ne4 17. Nxe4 Bxe4 18. Nd4 Ne5 19. Rc1 Qd7 20. Rc5 Ng6 21. f3 b6 22. Rb5 Bf5 23. Rxb6 Qa7 24. Rb5 Ne5 25. Kh1 Be6 26. Ra5 Qb6 27. Nxe6 fxe6 28. Qxa4 Rxa5 29. bxa5 Qa6 30. Re1 Ra8 31. Bh3 Ng6 32. Qb4 Nf8 33. Kg2 Qxa5 34. Qxa5 Rxa5 35. Ra1 Kf7 36. Kf2 Nd7 37. e3 Ne5 38. Bf1 Ke7 39. a4 Kd6 40. Bb5 Nc4 41. f4 Kc5 42. Ke2 Ra7 43. Rc1 Kb4 44. Kd3 Nd6 45. Kd4 Nf5+ 46. Ke5 Nxe3 47. Kxe6 h6 48. h3 d4 49. Ke5 Re7+ 50. Kxd4 Nf5+ 51. Kd5 Nxg3 52. Rc4+ Ka5 53. Rc6 Nh5 54. Kc5 Ra7 55. f5 Ng3 56. Bd3 Kxa4 57. f6 gxf6 58. Rxf6 Rc7+ 59. Kd4 Nh5 60. Rxh6 Nf4 61. Be4 Nxh3 62. Rxh3 Kb4 63. Bd5 Rc1 64. Rb3+ Ka4 65. Rb8 Ka3 66. Bc4 Rd1+ 67. Bd3 Rc1 68. Rb7 Ka2 69. Ke3 Rc8 70. Kd2 Ka3 71. Bc2 Rd8+ 72. Kc1 Rh8 73. Rb3+ Ka2 74. Rb4 Ra8 75. Rb2+ Ka3 76. Rb1 Rh8 77. Rb3+ Ka2 78. Rc3 Rh1+ 79. Bd1 Rh8 80. Bf3 Rd8 81. Kc2 Rd6 82. Be2 1-0

[Event "FIDE WYCC Girls U18 2023"]
[Site "Montesilvano"]
[Date "2023.11.24"]
[Round "11.25"]
[White "Oviedo Acosta, Paula"]
[Black "Egger, Stefanie"]
[Result "1-0"]
[ECO "B40"]
[WhiteElo "1639"]
[BlackElo "1784"]
[Annotator "NA"]
[PlyCount "117"]
[EventDate "2023.11.13"]
[EventType "swiss"]
[EventCountry "ITA"]
[SourceTitle "playchess.com"]
[Source "ChessBase"]
[SourceQuality "1"]
[TimeControl "40/5400+30:1800+30"]

1. e4 c5 2. Nf3 e6 3. c4 a6 4. Nc3 Nc6 5. d4 cxd4 6. Nxd4 Qc7 7. Be2 Nf6 8. a3 Bc5 9. Be3 d6 10. O-O O-O 11. Kh1 e5 12. Nc2 Bxe3 13. Nxe3 Ne7 14. Rc1 Kh8 15. Qd3 Ne8 16. Ned5 Nxd5 17. Nxd5 Qd8 18. f4 Bd7 19. f5 Nf6 20. Nc3 Bc6 21. g4 Ne8 22. Qe3 f6 23. h4 Qe7 24. g5 Rd8 25. Rcd1 Qc7 26. Rd2 b6 27. Bh5 Kg8 28. Rg1 Kh8 29. Rdg2 Rd7 30. Qg3 Re7 31. Qg4 Qb7 32. Bxe8 Rexe8 33. h5 Qf7 34. g6 Qg8 35. gxh7 Qxh7 36. Qxg7+ Qxg7 37. Rxg7 Rg8 38. R7g6 Rxg6 39. hxg6 Kg7 40. Kg2 Rh8 41. Rh1 Rxh1 42. Kxh1 a5 43. Kg2 a4 44. Kf3 Bd7 45. Ke3 Bc6 46. Kd3 Be8 47. Nd5 b5 48. Nc7 bxc4+ 49. Kxc4 Bc6 50. Nd5 Bb7 51. Nc3 Bc6 52. Kb4 Kf8 53. b3 axb3 54. Kxb3 Be8 55. a4 Bc6 56. a5 Bb7 57. Kb4 Ba6 58. Nb5 Ke7 59. Nxd6 1-0

[Event "FIDE WYCC Girls U18 2023"]
[Site "Montesilvano"]
[Date "2023.11.24"]
[Round "11.26"]
[White "Ajradinoska, Indzi"]
[Black "Graziani, Emma"]
[Result "1/2-1/2"]
[ECO "A60"]
[WhiteElo "1594"]
[BlackElo "1783"]
[Annotator "NA RC"]
[PlyCount "54"]
[EventDate "2023.11.13"]
[EventType "swiss"]
[EventCountry "ITA"]
[SourceTitle "playchess.com"]
[Source "ChessBase"]
[SourceQuality "1"]
[TimeControl "40/5400+30:1800+30"]

1. d4 c5 2. d5 Nf6 3. c4 e6 4. Nc3 exd5 5. Nxd5 d6 6. Nf3 Nxd5 7. Qxd5 Be7 8. g3 Nc6 9. Bg2 Be6 10. Qd3 d5 11. cxd5 Bxd5 12. O-O O-O 13. Be3 Nb4 14. Qb1 f5 15. Rd1 Qc8 16. Ne5 Bxg2 17. Kxg2 b6 18. a3 Qb7+ 19. Kg1 Nd5 20. Qa2 Rad8 21. Rd3 Rd6 22. Rad1 Rfd8 23. Nc4 R6d7 24. Ne5 Rd6 25. Nc4 R6d7 26. Ne5 Rd6 27. Nc4 R6d7 1/2-1/2

[Event "FIDE WYCC Girls U18 2023"]
[Site "Montesilvano"]
[Date "2023.11.24"]
[Round "11.27"]
[White "Changkachith, Alyssa"]
[Black "Soares, Sara Joana De Moura "]
[Result "0-1"]
[ECO "C01"]
[WhiteElo "1147"]
[BlackElo "1772"]
[Annotator "NA"]
[PlyCount "160"]
[EventDate "2023.11.13"]
[EventType "swiss"]
[EventCountry "ITA"]
[SourceTitle "playchess.com"]
[Source "ChessBase"]
[SourceQuality "1"]
[TimeControl "40/5400+30:1800+30"]

1. e4 e6 2. d4 d5 3. exd5 exd5 4. Bf4 Bd6 5. Bxd6 Qxd6 6. c3 Bf5 7. Bd3 Bxd3 8. Qxd3 Nc6 9. Na3 Nge7 10. Nf3 f6 11. Nc2 Ng6 12. Qe2+ Nge7 13. Nd2 Qd7 14. Nb3 b6 15. O-O O-O 16. Rfe1 Ng6 17. Qe6+ Qxe6 18. Rxe6 Nd8 19. Re3 Nf7 20. Nb4 Rfd8 21. Rae1 Rd6 22. Re8+ Rxe8 23. Rxe8+ Nf8 24. Re7 a5 25. Na6 Re6 26. Rxe6 Nxe6 27. Kf1 Kf8 28. Ke2 Ke7 29. g3 Nfd8 30. Nd2 Kd7 31. b4 Kc6 32. a4 Kb7 33. b5 Nf7 34. Nf1 c6 35. Ne3 cxb5 36. axb5 Nd6 37. Nxd5 Nxb5 38. Nb8 Kxb8 39. Nxb6 Nxc3+ 40. Kd3 Nb5 41. d5 Nd8 42. Kc4 Nd6+ 43. Kd4 Kc7 44. Na4 N8f7 45. f4 Nf5+ 46. Kc5 N7d6 47. Nb6 Nc8 48. Na4 Nfd6 49. g4 Nb7+ 50. Kd4 Nb6 51. Nc3 a4 52. Nb1 Na5 53. Na3 Nb3+ 54. Ke4 Nd2+ 55. Kd4 Ndc4 56. Nb5+ Kd7 57. Kc5 a3 58. Nc3 Na4+ 59. Kxc4 Nxc3 60. Kxc3 Kd6 61. g5 Kxd5 62. Kb3 Ke4 63. Kxa3 Kxf4 64. gxf6 gxf6 65. Kb3 Ke3 66. Kc2 Ke2 67. Kc3 f5 68. Kd4 f4 69. Ke5 f3 70. Kf6 f2 71. h4 f1=Q+ 72. Kg5 Qg2+ 73. Kf4 h5 74. Kf5 Qg4+ 75. Kf6 Qxh4+ 76. Kg6 Qg4+ 77. Kh7 h4 78. Kh8 h3 79. Kh7 h2 80. Kh8 h1=Q# 0-1

[Event "FIDE WYCC Girls U18 2023"]
[Site "Montesilvano"]
[Date "2023.11.24"]
[Round "11.28"]
[White "Mohd Azman, Farihah Nur Aisyah"]
[Black "Belattar, Ines"]
[Result "1/2-1/2"]
[ECO "D02"]
[WhiteElo "1379"]
[BlackElo "1623"]
[Annotator "NA"]
[PlyCount "80"]
[EventDate "2023.11.13"]
[EventType "swiss"]
[EventCountry "ITA"]
[SourceTitle "playchess.com"]
[Source "ChessBase"]
[SourceQuality "1"]
[TimeControl "40/5400+30:1800+30"]

1. d4 Nf6 2. Nf3 d5 3. Bf4 c5 4. c3 Nc6 5. e3 Qb6 6. Qb3 c4 7. Qc2 Bf5 8. Qc1 e6 9. Nbd2 Rc8 10. Be2 Nh5 11. Bg3 Nxg3 12. hxg3 h6 13. Bd1 Bd6 14. Bc2 Bxc2 15. Qxc2 Qd8 16. e4 O-O 17. O-O b5 18. Rfe1 b4 19. Nf1 bxc3 20. bxc3 Rb8 21. Rab1 Qa5 22. Ne3 Ne7 23. Nd2 Qa3 24. Rec1 Bc7 25. Kh2 Rb6 26. Rxb6 axb6 27. Nb1 Qa6 28. e5 b5 29. Qb2 Ra8 30. a3 Nc6 31. Nc2 Qa4 32. Nd2 Na5 33. Rb1 Rb8 34. Ne3 Bd8 35. Nc2 Be7 36. Nb4 Ra8 37. Nc2 Nc6 38. Ra1 Qa6 39. Nb1 Qb6 40. Nd2 Ra5 1/2-1/2

[Event "FIDE WYCC Girls U18 2023"]
[Site "Montesilvano"]
[Date "2023.11.24"]
[Round "11.29"]
[White "Zubova, Darja"]
[Black "Sipos, Stefania"]
[Result "0-1"]
[ECO "C78"]
[WhiteElo "1582"]
[BlackElo "1932"]
[Annotator "NA RC"]
[PlyCount "100"]
[EventDate "2023.11.13"]
[EventType "swiss"]
[EventCountry "ITA"]
[SourceTitle "playchess.com"]
[Source "ChessBase"]
[SourceQuality "1"]
[TimeControl "40/5400+30:1800+30"]

1. e4 e5 2. Nf3 Nc6 3. Bb5 a6 4. Ba4 Nf6 5. O-O b5 6. Bb3 Bc5 7. c3 d6 8. d4 Bb6 9. h3 Bb7 10. Re1 h6 11. Na3 O-O 12. Nc2 Re8 13. Qd3 exd4 14. cxd4 Na5 15. Nd2 Nxb3 16. axb3 Re7 17. f3 Rd7 18. Ne3 Nh5 19. Ndf1 Qf6 20. Nf5 Qg6 21. Be3 Rad8 22. Nh4 Qe6 23. Nf5 Nf6 24. d5 Bxe3+ 25. Qxe3 Nxd5 26. Qa7 c5 27. Nxh6+ gxh6 28. exd5 Qxd5 29. Re3 Qc6 30. Rae1 Ba8 31. Re8+ Kg7 32. Rxd8 Rxa7 33. Ree8 Qd5 34. Ng3 Bc6 35. Rg8+ Kf6 36. Ne4+ Ke5 37. Rxd6 Qxd6 38. Nxd6 Kxd6 39. Rh8 Ke7 40. Rxh6 Bd5 41. Rh5 Kd6 42. b4 cxb4 43. h4 a5 44. Rh8 Ra8 45. Rh6+ Kc5 46. h5 a4 47. g4 a3 48. bxa3 bxa3 49. Rf6 a2 50. Rf5 a1=Q+ 0-1

[Event "FIDE WYCC Girls U18 2023"]
[Site "Montesilvano"]
[Date "2023.11.24"]
[Round "11.30"]
[White "Sele, Timea"]
[Black "Lindstad, Livia"]
[Result "0-1"]
[ECO "E32"]
[WhiteElo "1456"]
[BlackElo "1848"]
[Annotator "NA RC"]
[PlyCount "112"]
[EventDate "2023.11.13"]
[EventType "swiss"]
[EventCountry "ITA"]
[SourceTitle "playchess.com"]
[Source "ChessBase"]
[SourceQuality "1"]
[TimeControl "40/5400+30:1800+30"]

1. d4 Nf6 2. c4 e6 3. Nc3 Bb4 4. Qc2 b6 5. e4 c5 6. e5 cxd4 7. a3 Bxc3+ 8. bxc3 Ng8 9. cxd4 Bb7 10. Nf3 Qc7 11. Bd3 Ne7 12. Be3 Ng6 13. h4 Ne7 14. Rc1 d6 15. Bf4 d5 16. c5 bxc5 17. Qxc5 Qxc5 18. Rxc5 Bc6 19. O-O h6 20. Rfc1 O-O 21. Bd2 Bd7 22. Bb4 Rd8 23. a4 Nbc6 24. Ba3 a5 25. Bb5 Nb4 26. Rc7 Bxb5 27. axb5 Nc8 28. Nd2 Nb6 29. Rb7 Rab8 30. Rxb8 Rxb8 31. Rb1 Nc2 32. Bc5 Nd7 33. Bd6 Rb7 34. Nf3 Nf8 35. Rb2 Na1 36. Ra2 Nb3 37. Ra3 Rxb5 38. Kf1 Nd7 39. Ke2 Nb6 40. Bc7 Nc4 41. Ra4 Nc1+ 42. Kf1 Nd3 43. Kg1 Ndb2 44. Ra2 a4 45. Bd6 Rb3 46. Ne1 Nxd6 47. exd6 Kf8 48. Nf3 f6 49. Nd2 Rb4 50. Kf1 Ke8 51. Nb1 Kd7 52. Nc3 Kxd6 53. Rxb2 Rxb2 54. Nxa4 Rb3 55. Ke2 e5 56. Nc5 Rb4 0-1

[Event "FIDE WYCC Girls U18 2023"]
[Site "Montesilvano"]
[Date "2023.11.24"]
[Round "11.31"]
[White "Chavez Echeverria, Ana Karen"]
[Black "Hoanca, Alexia-Ioana"]
[Result "1/2-1/2"]
[ECO "D00"]
[WhiteElo "1230"]
[BlackElo "1830"]
[Annotator "NA RC"]
[PlyCount "140"]
[EventDate "2023.11.13"]
[EventType "swiss"]
[EventCountry "ITA"]
[SourceTitle "playchess.com"]
[Source "ChessBase"]
[SourceQuality "1"]
[TimeControl "40/5400+30:1800+30"]

1. d4 d5 2. Bf4 Nf6 3. e3 c5 4. Nf3 e6 5. c4 Nc6 6. Nc3 cxd4 7. exd4 Be7 8. c5 Ne4 9. Bd3 Nxc3 10. bxc3 O-O 11. O-O Bd7 12. Qc2 f5 13. Ne5 Nxe5 14. Bxe5 Bf6 15. Bd6 Re8 16. Rad1 Rc8 17. Rfe1 Qa5 18. Re3 Ba4 19. Qe2 Bxd1 20. Qxd1 Qxc3 21. Bb5 Qxd4 22. Rd3 Qb2 23. Bxe8 Rxe8 24. Rb3 Qxa2 25. Rxb7 Rc8 26. h3 Qa1 27. Qxa1 Bxa1 28. Rxa7 Bd4 29. Re7 Bxc5 30. Bxc5 Rxc5 31. Rxe6 Kf7 32. Re1 d4 33. Kf1 Rd5 34. f3 f4 35. Re4 d3 36. Rxf4+ Kg6 37. Ke1 d2+ 38. Kd1 h5 39. Re4 Kf5 40. g3 g5 41. g4+ hxg4 42. hxg4+ Kf6 43. Re2 Rd3 44. Rxd2 Rxf3 45. Rd4 Ke5 46. Rb4 Rd3+ 47. Ke2 Rd4 48. Rxd4 Kxd4 49. Kf3 Kd3 50. Kf2 Ke4 51. Kg2 Kf4 52. Kh3 Kf3 53. Kh2 Kxg4 54. Kg2 Kf4 55. Kf2 g4 56. Kg2 Kf5 57. Kf1 g3 58. Kg2 Kg4 59. Kg1 Kf3 60. Kf1 Ke3 61. Kg2 Kf4 62. Kg1 Kf5 63. Kf1 Kg4 64. Kg2 Kh4 65. Kg1 Kh3 66. Kh1 Kg4 67. Kg2 Kf4 68. Kg1 Kf3 69. Kf1 g2+ 70. Kg1 Kg3 1/2-1/2

[Event "FIDE WYCC Girls U18 2023"]
[Site "Montesilvano"]
[Date "2023.11.24"]
[Round "11.32"]
[White "Alexandrova, Angelina"]
[Black "Gavrileva, Anna"]
[Result "1-0"]
[ECO "D02"]
[WhiteElo "1814"]
[BlackElo "1316"]
[Annotator "NA RC"]
[PlyCount "85"]
[EventDate "2023.11.13"]
[EventType "swiss"]
[EventCountry "ITA"]
[SourceTitle "playchess.com"]
[Source "ChessBase"]
[SourceQuality "1"]
[TimeControl "40/5400+30:1800+30"]

1. d4 d5 2. Nf3 Nf6 3. g3 e6 4. Bg2 Be7 5. O-O O-O 6. b3 b6 7. c4 c6 8. Bb2 a5 9. Nbd2 Bb7 10. Qc2 Na6 11. a3 Rc8 12. e4 Nc7 13. Rfd1 Nd7 14. Ne5 Nxe5 15. dxe5 d4 16. f4 c5 17. f5 exf5 18. exf5 Bxg2 19. Kxg2 Bg5 20. Ne4 Re8 21. Nd6 Rxe5 22. Nxc8 Qxc8 23. Rf1 Qd7 24. Qf2 g6 25. fxg6 hxg6 26. Rae1 Be3 27. Qf6 Re6 28. Qf3 Re5 29. Qb7 Qd6 30. Rf3 Re7 31. Qc8+ Re8 32. Qg4 Ne6 33. h4 Ng7 34. Rff1 Nf5 35. Rxf5 Qc6+ 36. Rd5 Qf6 37. Rf1 Qc6 38. Qf3 Qc7 39. h5 g5 40. h6 Re6 41. Rd8+ Kh7 42. Qf5+ Rg6 43. Qxf7+ 1-0